 Dungeon Crawl Stone Soup version 0.26-a0-818-g75db068ed4 (webtiles) character file.

Game seed: 3525337799150441864

575 sahdkjhfkaj the Skirmisher (level 7, -9/44 HPs)
             Began as a Tengu Chaos Knight on Nov 14, 2020.
             Was a Plaything of Xom.
             Mangled by Prince Ribbit (12 damage)
             ... on level 5 of the Dungeon.
             The game lasted 00:07:02 (4738 turns).

sahdkjhfkaj the Skirmisher (Tengu Chaos Knight)     Turns: 4738, Time: 00:07:03

Health: -9/44      AC: 13    Str: 15    XL:     7   Next: 35%
Magic:  8/8        EV:  6    Int: 12    God:    Xom [*.....]
Gold:   184        SH:  9    Dex: 13    Spells: 6/6 levels left

rFire    . . .     SeeInvis .   k - +0 whip (elec)
rCold    . . .     Faith    .   p - +0 kite shield
rNeg     . . .     Spirit   .   r - +0 chain mail
rPois    .         Reflect  .   (helmet restricted)
rElec    .         Harm     .   (no cloak)
rCorr    .         Rampage  .   (no gloves)
MR       .....                  (boots unavailable)
Stlth    ..........             (no amulet)
HPRegen  0.14/turn              (no ring)
MPRegen  0.11/turn              q - +4 ring of protection

@: brilliant, flying quickly and evasively, hasted, very quick
A: beak, talons 3, able to fly
a: Stop Flying, Renounce Religion


You were on level 5 of the Dungeon.
You worshipped Xom.
You were a special plaything of Xom.
You visited 1 branch of the dungeon, and saw 5 of its levels.

You collected 184 gold pieces.

Inventory:

Hand Weapons
 k - a +0 whip of electrocution (weapon)
Armour
 p - a +0 kite shield (worn)
 r - a +0 chain mail (worn)
Jewellery
 o - an uncursed ring of fire
 q - a +4 ring of protection (right hand)
 t - the ring "Dac Ceod" {Wiz *Corrode rC++ MR++, unknown}
   (You found it on level 5 of the Dungeon)

   [ring of wizardry]

   It improves your spell success rate.
   It greatly protects you from cold.
   It affects your resistance to hostile enchantments.
   It may corrode you when you take damage.
Wands
 j - a wand of random effects (14)
 s - a wand of flame (24)
Scrolls
 a - 2 scrolls of enchant weapon {!r}
 b - a scroll of immolation {!r}
 c - a scroll of blinking {!r}
 d - 2 scrolls of teleportation {!r}
 g - a scroll of enchant armour {!r}
 h - a scroll of magic mapping {!r}
 i - 2 scrolls of remove curse {!r}
 l - 2 scrolls of fear {!r, unknown}
Potions
 e - 2 potions of brilliance {!q}
 m - a potion of flight {!q, unknown}
 n - a potion of ambrosia {!q, unknown}
 u - a potion of degeneration {!q, unknown}


   Skills:
 + Level 4.3 Fighting
   Level 4.0(4.1) Axes
 - Level 1.3(2.9) Maces & Flails
 + Level 4.1 Armour
 + Level 3.5 Dodging
 * Level 4.2 Shields


You had 6 spell levels left.
You didn't know any spells.
Your spell library was empty.

Dungeon Overview and Level Annotations

Branches:
Dungeon (5/15)
 Temple: D:4-7

Altars:
Wu Jian
Xom

Annotations:
D:5 Prince Ribbit


Innate Abilities, Weirdness & Mutations

You have a beak for a mouth.
You have claws for feet.
You can fly continuously.


Message History

Press: ? - help, Shift-Dir - straight line, f - Prince Ribbit
Aim: Prince Ribbit Prince Ribbit seems to slow down.
You block the sky beast's attack. Prince Ribbit hits you!
* * * LOW HITPOINT WARNING * * *
Unknown command.
Unknown command.
Really quaff
f - a potion of haste {!q}?
You feel yourself speed up.
The sky beast hits you but does no damage.
Prince Ribbit hits you!
* * * LOW HITPOINT WARNING * * *
A gnoll comes into view. It is wielding a +0 flail.
Really quaff
e - 3 bubbling yellow potions {!q}?
It was a potion of brilliance {!q}.
You feel clever all of a sudden.
The gnoll shouts!
You hear a shout!
You block the sky beast's attack. Prince Ribbit hits you!
You die...
Xom chuckles heartily!

.....#### #.........#
...###.. #......g..#
...#...####.........#
...#.#..............#
#......# #.........#
.....### #..)....#
....## #...g.#
....####### #Y#
..........## #@#
...........## #F#
............####.#
..............##.######
............#.........#
............#.........#
............#........)#
...........##.........#
..........#####..######


You could see Prince Ribbit (slow), a sky beast and 2 gnolls.

Vanquished Creatures
  Edmund (D:5)
  An ice beast (D:3)
  An ogre (D:5)
  A centaur skeleton (D:4)
  Terence (D:3)
  An iguana (D:5)
  4 worker ants
  2 adders (D:3)
  2 oozes (D:1)
  An adder skeleton (D:4)
  A worm (D:2)
  3 dart slugs (D:3)
  4 leopard geckos
  3 giant cockroaches
  6 goblins
  7 hobgoblins
  8 jackals
  4 kobolds
  A quokka (D:2)
  7 bats
  5 frilled lizards
  A jackal zombie (D:5)
  6 rats
71 creatures vanquished.

Notes
Turn   | Place    | Note
-------+----------+-------------------------------------------
     0 | D:1      | sahdkjhfkaj the Tengu Chaos Knight began the quest for the
                  | Orb.
     0 | D:1      | Reached XP level 1. HP: 14/14 MP: 2/2
    73 | D:1      | Reached XP level 2. HP: 17/19 MP: 3/3
   294 | D:1      | XOM: silly message
   425 | D:1      | Reached XP level 3. HP: 23/23 MP: 4/4
   614 | D:1      | XOM: silly message
   674 | D:1      | XOM: draining
   814 | D:2      | XOM: noise
   975 | D:2      | XOM: 3-stop teleportation journey
  1011 | D:2      | XOM: stat loss: -1 Str (12/13)
  1261 | D:2      | XOM: summons 2 hostile shadow creatures
  1656 | D:2      | XOM: draining
  1802 | D:3      | XOM: stat loss: -1 Str (11/13)
  2007 | D:3      | Reached skill level 1 in Maces & Flails
  2194 | D:3      | Noticed Terence
  2197 | D:3      | XOM: chaos upgrade
  2200 | D:3      | Killed Terence
  2201 | D:3      | Reached skill level 1 in Shields
  2201 | D:3      | Reached XP level 4. HP: 26/28 MP: 5/5
  2348 | D:3      | XOM: 1-stop teleportation journey
  2426 | D:3      | XOM: enchant monster (bad)
  2453 | D:3      | Noticed an ice beast
  2469 | D:3      | XOM: 3-stop teleportation journey
  2558 | D:3      | XOM: draining
  2591 | D:3      | Killed an ice beast
  2592 | D:3      | Gained mutation: You can fly continuously. [Tengu growth]
  2592 | D:3      | Reached XP level 5. HP: 5/33 MP: 6/6
  3023 | D:3      | XOM: summons 1 hostile demon
  3165 | D:3      | XOM: 6-stop teleportation journey
  3368 | D:4      | XOM: 3-stop teleportation journey
  3372 | D:4      | Reached XP level 6. HP: 38/38 MP: 7/7
  3529 | D:4      | XOM: enchant monster (good)
  3641 | D:4      | Found an ornate altar of the Wu Jian Council.
  3642 | D:4      | Found a shimmering altar of Xom.
  3800 | D:5      | Entered Level 5 of the Dungeon
  4069 | D:5      | Noticed Edmund
  4069 | D:5      | XOM: noise
  4082 | D:5      | XOM: blink monster(s)
  4099 | D:5      | Killed Edmund
  4106 | D:5      | Reached XP level 7. HP: 17/43 MP: 8/8
  4411 | D:5      | Got a warped turquoise ring
  4719 | D:5      | XOM: divine lightning
  4723 | D:5      | Noticed Prince Ribbit
  4738 | D:5      | Mangled by Prince Ribbit

Illustrated notes

Levels and vault maps discovered:
D:1:      giann_horns, layout_loops_ring
D:2:      minmay_alternating_diamond, layout_basic, grunt_ministairs_12
D:3:      layout_basic, serial_aquarium, aquarium_bridge_square
          [aquarium_subvault_bridge, aquarium_subvault_window,
          aquarium_subvault_window, aquarium_subvault_bridge],
          aquarium_bridge_straight [aquarium_subvault_bridge,
          aquarium_subvault_wall, aquarium_subvault_bridge,
          aquarium_subvault_window], aquarium_window_fake,
          aquarium_window_corridor_1, aquarium_window_fake,
          aquarium_window_fake, aquarium_view_2d, aquarium_balcony_double_3,
          minmay_circle_x, uniq_terence
D:4:      layout_loops_ring, gammafunk_temple_overflow_statue
D:5:      layout_rooms, kennysheep_mini, kennysheep_generic_room_5,
          uniq_prince_ribbit1, uniq_edmund

Skill      XL: |  1  2  3  4  5  6  7 |
---------------+----------------------+-----
Axes           | 4 |  4.0
Maces & Flails | 1 |  1.3
Shields        | 1 2 3 4 |  4.2
Dodging        | 2 3 |  3.5
Armour         | 3 4 |  4.1
Fighting       | 4 |  4.3

Action                   |  1- 3 |  4- 6 |  7- 9 || total
-------------------------+-------+-------+-------++-------
Melee: Hand axe          |    74 |       |       ||    74
       Kick              |    21 |    32 |    21 ||    74
       Peck              |     8 |    17 |     7 ||    32
       Whip              |    39 |    97 |    52 ||   188
 Abil: Fly               |       |     1 |       ||     1
Evoke: Wand              |       |       |     1 ||     1
  Use: Scroll            |     2 |     5 |       ||     7
       Potion            |     1 |       |     2 ||     3
 Stab: Petrified         |     1 |       |       ||     1
       Sleeping          |     1 |       |       ||     1
       Paralysed         |       |     2 |       ||     2
Armor: Leather armour    |    48 |    13 |       ||    61
       Chain mail        |       |    29 |    44 ||    73
Dodge: Dodged            |    77 |    34 |    23 ||   134
Block: Kite shield       |     2 |    43 |    36 ||    81

Table legend: (Time is in decaauts)
 A = Elapsed time spent in this place.
 B = Non-inter-level travel time spent in this place.
 C = Inter-level travel time spent in this place.
 D = Time resting spent in this place.
 E = Time spent auto-exploring this place.
 F = Levels seen in this place.
 G = Mean time per level.
                   A        B        C        D        E       F      G
               +--------+--------+--------+--------+--------+-----+--------+
         Total |   4649 |   4526 |    123 |    238 |   3633 |   5 |  929.8 |
       Dungeon |   4649 |   4526 |    123 |    238 |   3633 |   5 |  929.8 |
               +--------+--------+--------+--------+--------+-----+--------+

Top non-repeatable levels by time:
     D:3: 1538 daAuts
     D:5: 930 daAuts
     D:2: 862 daAuts
     D:1: 820 daAuts
     D:4: 497 daAuts
